 Dungeon Crawl Stone Soup version 0.27-a0-1586-gd5c625afe7 (webtiles) character file.

Game seed: 16991988651225241041

65 MacCMillion the Vexing (level 4, 0/30 HPs)
             Began as a Merfolk Enchanter on July 18, 2021.
             Killed by nerve-wracking pain
             ... invoked by Grinder
              (11 damage)
             ... while paralysed by Grinder
             ... on level 3 of the Dungeon.
             The game lasted 00:08:29 (3149 turns).

MacCMillion the Vexing (Merfolk Enchanter)          Turns: 3149, Time: 00:08:30

Health: 0/30       AC:  3    Str:  8    XL:     4   Next: 13%
Magic:  7/7        EV:  2    Int: 14    God:
Gold:   108        SH:  0    Dex: 15    Spells: 4/7 levels left

rFire    . . .     SeeInvis .   f - +1 short sword (elec)
rCold    . . .     Faith    .   (no shield)
rNeg     . . .     Spirit   .   b - +0 robe
rPois    .         Reflect  .   (no helmet)
rElec    .         Harm     .   c - +0 cloak
rCorr    .         Rampage  .   (no gloves)
Will     .....                  (no boots)
Stlth    ++........             (no amulet)
HPRegen  0.10/turn              (no ring)
MPRegen  0.10/turn              (no ring)

@: paralysed
A: (nimble swimmer 2), mertail
a: no special abilities


You were on level 3 of the Dungeon.
You visited 1 branch of the dungeon, and saw 3 of its levels.

You collected 108 gold pieces.

Inventory:

Hand Weapons
 a - a +1 dagger
 f - a +1 short sword of electrocution (weapon)
 h - a +1 hunting sling of freezing
Missiles
 i - 75 stones
Armour
 b - a +0 robe (worn)
 c - a +0 cloak (worn)
 g - a +0 barding
Scrolls
 k - a scroll of enchant weapon {unknown}
Potions
 d - 3 potions of curing {unknown}
 e - a potion of heal wounds {unknown}
 j - a potion of invisibility {unknown}
 l - a potion of mutation {unknown}


   Skills:
 - Level 2.1 Short Blades
 - Level 2.6 Dodging
 + Level 3.4 Stealth
 - Level 2.0 Spellcasting
 + Level 3.7 Hexes
 * Level 2.4 Ice Magic


You had 4 spell levels left.
You knew the following spells:

 Your Spells              Type           Power      Damage    Failure   Level
a - Corona                Hex            12%        N/A       4%          1
b - Ensorcelled Hibernat  Hex/Ice        20%        N/A       10%         2

Your spell library contained the following spells:

 Spells                   Type           Power      Damage    Failure   Level
 Confusing Touch          Hex            11%        N/A       16%         3
 Tukima's Dance           Hex            11%        N/A       16%         3
 Dazzling Flash           Conj/Hex       12%        N/A       32%         3


Dungeon Overview and Level Annotations

Branches:
Dungeon (3/15)

Altars:
Vehumet

Shops:
D:1 =

Annotations:
D:3 Grinder


Innate Abilities, Weirdness & Mutations

((You are quick and stealthy near water. (Stealth+, EV+, Speed+++)))
Your lower body shifts to a powerful aquatic tail in water.


Message History

The helpless rat fails to defend itself.
You puncture the rat! Lightning courses through the rat!
You kill the rat!
Found 18 bolts.
You now have 108 gold pieces (gained 16).
A worm and Grinder come into view.
Press: ? - help, v - describe, . - travel
Here: Grinder The floor.
Grinder gestures at you.
You suddenly lose the ability to move!
The adder hisses angrily.
Grinder blinks!
The adder bites you. x2
You can move again.
Unknown command.
You closely miss the adder. The adder bites you.
You are poisoned.
The adder poisons you!
You hit the adder.
The adder is moderately wounded.
You feel sick. The adder barely misses you. x2
You hit the adder.
The adder is severely wounded.
You feel sick. The adder barely misses you.
You hit the adder. Lightning courses through the adder!
You kill the adder!
You feel sick.
You have reached level 4!
You feel sick.
You feel sick.
You feel sick. Grinder gestures at you.
You suddenly lose the ability to move!
You feel sick.
You are no longer poisoned.
Grinder says, "At least Makhleb appreciates what I'm doing."
Grinder gestures at you. Pain shoots through your body!
You die...

#######
.......###########
......w5...@.(...###
.......######......#
...##.# #.##.#.# .
#. #.##.# # #
#.##.#.#
.#######.##.#.#
.............># .
###.....†..### .#
#####.##.###


You could see Grinder and a worm.

Vanquished Creatures
  2 adders
  A worm (D:2)
  A dart slug (D:3)
  A ball python (D:2)
  8 endoplasms
  2 giant cockroaches
  5 goblins
  4 hobgoblins
  2 quokkas (D:1)
  5 bats
  2 frilled lizards (D:1)
  2 kobolds
  4 rats
39 creatures vanquished.

Notes
Turn   | Place    | Note
-------+----------+-------------------------------------------
     0 | D:1      | MacCMillion the Merfolk Enchanter began the quest for the
                  | Orb.
     0 | D:1      | Reached XP level 1. HP: 13/13 MP: 3/3
   411 | D:1      | Found Gouts's Jewellery Shop.
   611 | D:1      | Reached XP level 2. HP: 19/19 MP: 5/5
   614 | D:1      | Learned a level 2 spell: Ensorcelled Hibernation
   754 | D:1      | Reached skill level 1 in Ice Magic
  1800 | D:2      | Reached XP level 3. HP: 24/24 MP: 6/6
  2068 | D:2      | Found a radiant altar of Vehumet.
  3009 | D:3      | Noticed Grinder
  3136 | D:3      | Paralysed by Grinder for 6 turns
  3146 | D:3      | Reached XP level 4. HP: 15/30 MP: 7/7
  3148 | D:3      | Paralysed by Grinder for 6 turns
  3149 | D:3      | Killed from afar by Grinder

Illustrated notes

Levels and vault maps discovered:
D:1:      tarquinn_simple_flora_water_b, layout_loops_corners, serial_aquarium,
          aquarium_bridge_long_separate [aquarium_subvault_bridge,
          aquarium_subvault_bridge, aquarium_subvault_wall,
          aquarium_subvault_window, aquarium_subvault_bridge,
          aquarium_subvault_bridge], aquarium_bridge_square
          [aquarium_subvault_balcony, aquarium_subvault_bridge,
          aquarium_subvault_wall, aquarium_subvault_balcony], aquarium_window_2,
          aquarium_window_1, aquarium_window_1, aquarium_window_3,
          aquarium_view_4, aquarium_view_2e, serial_shops,
          nicolae_lakefront_shop, hangedman_decor_growths, moated_statue,
          minmay_crystal_room
D:2:      minmay_door_path, layout_loops_ring, basic_altar,
          kennysheep_generic_room_16
D:3:      layout_basic, mainiacjoe_overflow_surrounded_room,
          dilly_ecumenical_altar_fadedgnrine, uniq_grinder

Skill      XL: |  1  2  3 |
---------------+----------+-----
Ice Magic      | 1 2 |  2.4
Short Blades   | 2 |  2.1
Dodging        | |  2.6
Stealth        | |  3.4
Spellcasting   | |  2.0
Hexes          | |  3.7

Action                   |  1- 3 |  4- 6 || total
-------------------------+-------+-------++-------
Melee: Dagger            |    57 |       ||    57
       Short sword       |    49 |       ||    49
 Cast: Corona            |     1 |       ||     1
 Stab: Sleeping          |    12 |       ||    12
Armor: Robe              |    25 |       ||    25
Dodge: Dodged            |    48 |       ||    48

Table legend: (Time is in decaauts)
 A = Elapsed time spent in this place.
 B = Non-inter-level travel time spent in this place.
 C = Inter-level travel time spent in this place.
 D = Time resting spent in this place.
 E = Time spent auto-exploring this place.
 F = Levels seen in this place.
 G = Mean time per level.
                   A        B        C        D        E       F      G
               +--------+--------+--------+--------+--------+-----+--------+
         Total |   3141 |   3088 |     53 |    529 |   2107 |   3 | 1047.0 |
       Dungeon |   3141 |   3088 |     53 |    529 |   2107 |   3 | 1047.0 |
               +--------+--------+--------+--------+--------+-----+--------+

Top non-repeatable levels by time:
     D:1: 1647 daAuts
     D:2: 1248 daAuts
     D:3: 246 daAuts
